 Dungeon Crawl Stone Soup version 0.29-a0-283-ga02f740833 (webtiles) character file.

Game seed: 11215935458652897401

188 PaleWalker the Caller (level 5, -6/21 HPs)
             Began as a Felid Summoner on Mar 14, 2022.
             Killed by divine providence
             ... invoked by an orc priest
              (13 damage)
             ... on level 4 of the Dungeon.
             The game lasted 00:13:13 (4198 turns).

PaleWalker the Caller (Felid Summoner)              Turns: 4198, Time: 00:13:14

Health: -6/21      AC:  2    Str:  4    XL:     5   Next: 39%
Magic:  18/21      EV: 17    Int: 18    God:
Gold:   250        SH:  0    Dex: 17    Spells: 4/13 levels left
                                        Lives:  0   Deaths: 1

rFire   . . .      SeeInvis +   (weapon unavailable)
rCold   . . .      Faith    .   (shield unavailable)
rNeg    . . .      Spirit   .   (body armour unavailable)
rPois   .          Reflect  .   (helmet unavailable)
rElec   .          Harm     .   (cloak unavailable)
rCorr   .          Rampage  .   (gloves unavailable)
Will    .....                   (boots unavailable)
Stlth   ++........              (no amulet)
HPRegen 0.07/turn               j - ring of magical power
MPRegen 0.17/turn               (no ring)

@: quick
A: very small, claws 1, fangs 3, see invisible, speed 1, shaggy fur 2, stealthy
paws, no weapons or thrown items, no armour, multi-lived
a: no special abilities


You were on level 4 of the Dungeon.
You visited 1 branch of the dungeon, and saw 4 of its levels.

You collected 250 gold pieces.

Inventory:

Jewellery
 j - a ring of magical power (left paw)
Wands
 l - a wand of polymorph (4)
Scrolls
 b - 2 scrolls of enchant armour {unknown}
 c - 2 scrolls of amnesia {unknown}
 e - 2 scrolls of identify {unknown}
 f - a scroll of noise {unknown}
 g - a scroll of enchant weapon {unknown}
 i - a scroll of torment {unknown}
 k - 4 scrolls of teleportation {unknown}
 n - a scroll of vulnerability {unknown}
Potions
 a - a potion of magic
 d - a potion of ambrosia {unknown}
 h - 2 potions of curing {unknown}
 m - a potion of heal wounds {unknown}
 o - a potion of brilliance {unknown}
 p - a potion of resistance {unknown}


   Skills:
 - Level 2.6 Dodging
 - Level 2.6 Stealth
 + Level 4.5 Spellcasting
 + Level 1.7 Hexes
 + Level 6.1 Summonings


You had 4 spell levels left.
You knew the following spells:

 Your Spells              Type           Power      Damage    Failure   Level
a - Summon Small Mammal   Summ           100%       N/A       1%          1
b - Call Imp              Summ           26%        N/A       1%          2
c - Call Canine Familiar  Summ           26%        N/A       3%          3
d - Summon Guardian Gole  Hex/Summ       18%        N/A       9%          3

Your spell library contained the following spells:

 Spells                   Type           Power      Damage    Failure   Level
 Slow                     Hex            40%        N/A       7%          1
 Animate Skeleton         Necr           8%         N/A       14%         1
 Apportation              Tloc           8%         N/A       14%         1
 Pain                     Necr           16%        1d4       14%         1
 Confusing Touch          Hex            10%        N/A       21%         3
 Static Discharge         Conj/Air       4%         N/A       22%         2
 Summon Lightning Spire   Summ/Air       15%        N/A       36%         4
 Vampiric Draining        Necr           4%         2d6       38%         3
 Dispel Undead            Necr           4%         3d7       80%         4
 Sticky Flame             Conj/Fire      4%         2d3       80%         4


Dungeon Overview and Level Annotations

Branches:
Dungeon (4/15)
 Temple: D:4-7

Altars:

Annotations:
D:4 2 transporters, spaghetti's ghost, novice OpCK


Innate Abilities, Weirdness & Mutations

You have sharp claws.
You have razor-sharp teeth.
You have supernaturally acute eyesight. (SInv)
You cover ground quickly. (Speed+)
You are covered in thick fur. (AC +2)
Your paws help you pounce on unaware monsters.
You are incapable of wielding weapons or throwing items.
You cannot wear armour.
You gain extra lives every three experience levels.


Message History

Ouch! That really hurt!
You die...
You are now level 5!
You rejoin the land of the living...
Casting: Call Canine Familiar (quite dangerous; 3% risk of failure)
Confirm with . or Enter, or press ? or * to list all spells.
The spell is quite dangerous to miscast (3% risk of failure)!
Continue anyway?
You swap places.
The kobold hits you but does no damage.
There is a stone staircase leading up here.
You closely miss the kobold. The kobold closely misses you.
Your hound closely misses the kobold.
You scratch the kobold.
You kill the kobold!
No target in view!
Your white imp disappears in a puff of smoke!
Casting: Call Canine Familiar (quite dangerous; 3% risk of failure)
Confirm with . or Enter, or press ? or * to list all spells.
A beastly little devil appears in a puff of frigid air.
What are your orders? t - Meow!
Orders for allies: a - Attack new target. r - Retreat! s - Stop attacking. g - Guard the area. f - Follow me.
Anything else - Cancel.
Gang up on whom?
Press: ? - help, Dir - move target, f - orc priest
Aim: an orc priest, wielding a +0 dagger (ally target) Attack!
The orc priest calls down the wrath of Beogh upon you.
Beogh smites you!
Ouch! That really hurt!
Your white imp gestures at the orc priest.
The puff of frost hits the orc priest.
Your hound bites the orc priest.
The orc priest closely misses your hound.
Your hound bites the orc priest.
The orc priest invokes the aid of Beogh against you.
Beogh smites you!
Ouch! That really hurt!
You die...

#..#.......#
..###)###..# #.o#..#
#..### ### .....##
#..... ..# .....#
#K##.# #.# #.#†.#
#.##.# #.# #W#..#
#?##.# #.# #†#..##
#.##)####.##
#h#5..###.##.<..@..#
....#....oh.).###..#
###.......5........#
#.#.........####.#
#...#######.# .#
#...# #.# .# #...#
#.# .# !....# #.. .#
.##..# #<. .#


You could see an orc priest (ally target), a friendly hound (summoned) and a
friendly white imp (summoned).

Vanquished Creatures
  A ball python (D:3)
  A goblin (D:1)
  5 bats
  A kobold (D:4)
  A rat (D:1)
9 creatures vanquished.

Vanquished Creatures (collateral kills)
  A phantom (D:4)
  3 orc priests (D:3)
  Natasha (thrice) (D:2)
  4 adders
  5 dart slugs
  9 orcs
  7 ball pythons
  3 endoplasms
  5 giant cockroaches
  6 hobgoblins
  3 jackals (D:1)
  5 kobolds
  4 bats
  4 frilled lizards (D:1)
  2 goblins
  6 rats
70 creatures vanquished.

Vanquished Creatures (others)
  6 plants (D:4)
6 creatures vanquished.

Grand Total: 85 creatures vanquished

Notes
Turn   | Place    | Note
-------+----------+-------------------------------------------
     0 | D:1      | PaleWalker the Felid Summoner began the quest for the Orb.
     0 | D:1      | Reached XP level 1. HP: 7/7 MP: 4/4
     2 | D:1      | Noticed a minotaur zombie
    11 | D:1      | Noticed a minotaur zombie
    13 | D:1      | Noticed a merfolk zombie
    15 | D:1      | Noticed a minotaur zombie
    20 | D:1      | Noticed a minotaur zombie
   338 | D:1      | Reached XP level 2. HP: 11/11 MP: 1/6
   825 | D:1      | Learned a level 2 spell: Call Imp
  1004 | D:1      | Reached XP level 3. HP: 14/14 MP: 6/8
  1826 | D:2      | Noticed Natasha
  1834 | D:2      | Killed Natasha
  1835 | D:2      | Reached XP level 4. HP: 18/18 MP: 9/9
  1901 | D:2      | Noticed Natasha
  1908 | D:2      | Killed Natasha
  1909 | D:2      | Reached skill level 5 in Summonings
  1957 | D:2      | Learned a level 3 spell: Call Canine Familiar
  2096 | D:2      | Noticed Natasha
  2106 | D:2      | Killed Natasha
  2185 | D:2      | Found a faded altar of an unknown god.
  2440 | D:3      | Reached XP level 5. HP: 11/21 MP: 11/11
  3139 | D:3      | Gained mutation: You are covered in thick fur. (AC +2)
                  | [Felid growth]
  3139 | D:3      | Reached XP level 6. HP: 6/24 MP: 13/13
  3775 | D:3      | Learned a level 3 spell: Summon Guardian Golem
  3829 | D:4      | Found a transporter.
  3835 | D:4      | Found a transporter.
  3858 | D:4      | Identified the +7 spear "Duligray" {vamp, rN++ rCorr}
  3858 | D:4      | Identified the +1 scale mail of Cail {rC+ rN+ Str+2 Int+6}
  3938 | D:4      | Noticed spaghetti's ghost (novice OpCK)
  4139 | D:4      | Reached skill level 1 in Hexes
  4139 | D:4      | Reached skill level 6 in Summonings
  4183 | D:4      | Killed from afar by an orc priest
  4184 | D:4      | Reached XP level 5. HP: -7/21 MP: 21/21
  4198 | D:4      | Killed from afar by an orc priest

Illustrated notes

Levels and vault maps discovered:
D:1:      shiori_arrival_whats_in_store_for_you, layout_loops_corners,
          serial_bayou_pond_d
D:2:      layout_loops_ring, ebering_ecumenical_altar_rust, uniq_natasha
D:3:      layout_loops_ring
D:4:      layout_loops_ring, gammafunk_ghost_gnarly_gnolls,
          lexackson_kobold_supper, uniq_grinder

Skill      XL: |  1  2  3  4  5  6 |
---------------+-------------------+-----
Spellcasting   | 3 4 |  4.5
Summonings     | 5 6 |  6.1
Hexes          | 1 |  1.7
Dodging        | |  2.6
Stealth        | |  2.6

Action                   |  1- 3 |  4- 6 || total
-------------------------+-------+-------++-------
Melee: Unarmed           |     8 |    19 ||    27
       Bite              |       |     1 ||     1
 Cast: Summon Small Mamm |    41 |     5 ||    46
       Call Imp          |    11 |    17 ||    28
       Call Canine Famil |       |    21 ||    21
 Stab: Sleeping          |     1 |       ||     1
Armor: Skin              |     4 |     6 ||    10
Dodge: Dodged            |    22 |    48 ||    70

Table legend: (Time is in decaauts)
 A = Elapsed time spent in this place.
 B = Non-inter-level travel time spent in this place.
 C = Inter-level travel time spent in this place.
 D = Time resting spent in this place.
 E = Time spent auto-exploring this place.
 F = Levels seen in this place.
 G = Mean time per level.
                   A        B        C        D        E       F      G
               +--------+--------+--------+--------+--------+-----+--------+
         Total |   3743 |   3699 |     44 |     84 |   2650 |   4 |  935.8 |
       Dungeon |   3743 |   3699 |     44 |     84 |   2650 |   4 |  935.8 |
               +--------+--------+--------+--------+--------+-----+--------+

Top non-repeatable levels by time:
     D:3: 1311 daAuts
     D:1: 1297 daAuts
     D:2: 839 daAuts
     D:4: 296 daAuts
